Map: Lerilak Crest

Players

lesha

  • Race: Terran Terran
  • League: Silver

Schinni - Winner!

  • Race: Protoss Protoss
  • League: Silver

VOD

Have the link to the VOD?

Description

Time

  • Played on: Jan. 1, 2016, 4:35 a.m.
  • Length: 7:52
Show
View Real Time Build Order
Export as new Build Order

lesha Terran 

Build Orders: Reaper Expand 

Get SALT Encoding   

  12  0:01  SCV  
  13  0:13  SCV  
  14  0:20  Supply Depot  
  14  0:25  SCV  
  15  0:43  Refinery  
  15  0:44  Barracks  
  15  0:45  SCV  
  16  0:59  SCV  
  17  1:11  SCV  
  18  1:23  SCV  
  19  1:31  Reaper  
  20  1:37  Orbital Command  
  20  1:49  Command Center  
  20  2:08  Supply Depot  
  20  2:25  Barracks Reactor  
  20  2:26  Barracks  
  20  2:28  Refinery  
  20  2:30  Factory  
  20  2:43  SCV  
  21  2:55  SCV  
  22  2:58  Barracks  
  22  3:09  Orbital Command  
  21  3:31  Factory Tech Lab, Bunker  
  21  3:33  Barracks Tech Lab  
  21  3:42  Starport  
  21  3:44  SCV  
  21  3:45  SCV  
  21  3:47  Marine x2  
  25  3:49  Barracks Reactor  
  25  3:51  Marine  
  26  4:02  SCV  
  27  4:03  SCV  
  27  4:09  Siege Tank  
  31  4:14  SCV  
  31  4:15  SCV  
  32  4:26  Barracks  
  29  4:36  Marine  
  29  4:37  Marine x3  
  33  4:40  Marauder  
  33  4:41  Medivac  
  37  4:59  Marine x2  
  39  5:00  Marine  
  39  5:01  Marine  
  39  5:02  Orbital Command  
  39  5:03  Marauder  
  39  5:06  Stimpack  
  43  5:17  Marine x2  
  45  5:30  SCV  
  46  5:37  SCV, Medivac  
  46  5:39  Marine x2  
  46  5:42  Supply Depot  
  51  5:43  SCV  
  51  5:49  SCV  
  53  6:12  SCV x2  
  53  6:13  Marine x3  
  53  6:14  Marine x2  
  53  6:17  Starport Reactor  
  53  6:18  Barracks Reactor  
  60  6:24  SCV x2  
  62  6:33  Marauder  
  62  6:35  Marine x4  
  62  6:37  SCV x2  
  70  6:49  Engineering Bay  
  70  6:51  Engineering Bay  
  70  6:56  Marine x2  
  70  6:57  SCV x2  
  74  7:06  Marine  
  74  7:07  Marine  
  74  7:08  Supply Depot  
  76  7:09  Supply Depot  
  76  7:11  Supply Depot  
  69  7:27  SCV  
  69  7:28  SCV  
  58  7:34  Barracks  
  58  7:40  SCV x2  
  58  7:41  Command Center  
Show
View Real Time Build Order
Export as new Build Order

Schinni Protoss - Winner!

Build Orders: Double Forge 

Get SALT Encoding   

  12  0:01  Probe (Chrono Boost)  
  13  0:12  Probe (Chrono Boost)  
  14  0:18  Pylon  
  14  0:22  Probe (Chrono Boost)  
  15  0:36  Probe (Chrono Boost)  
  16  0:47  Probe (Chrono Boost)  
  17  0:51  Gateway  
  17  0:57  Probe (Chrono Boost)  
  17  1:00  Assimilator  
  18  1:08  Probe (Chrono Boost)  
  19  1:18  Pylon  
  19  1:19  Probe (Chrono Boost)  
  20  1:29  Probe (Chrono Boost)  
  21  1:40  Probe (Chrono Boost)  
  21  1:43  Gateway  
  21  1:46  Cybernetics Core  
  22  1:50  Probe (Chrono Boost)  
  22  1:51  Assimilator  
  23  2:09  Probe (Chrono Boost)  
  24  2:31  Warp Gate (Chrono Boost)  
  24  2:33  Nexus  
  24  2:34  Mothership Core  
  26  2:40  Adept x2  
  29  2:56  Pylon  
  29  3:07  Adept  
  31  3:14  Adept  
  33  3:24  Probe  
  34  3:34  Robotics Facility  
  34  3:36  Probe  
  35  3:41  Gateway  
  35  3:42  Gateway  
  35  3:50  Probe  
  36  4:02  Probe  
  37  4:14  Probe  
  38  4:26  Probe  
  39  4:39  Probe  
  40  4:46  Pylon  
  40  4:47  Pylon  
  40  4:50  Probe  
  40  4:51  Probe  
  40  4:52  Forge  
  42  4:53  Forge  
  42  4:58  Pylon  
  42  5:00  Probe, Pylon  
  42  5:03  Probe  
  44  5:11  Probe, Immortal  
  49  5:18  Probe  
  50  5:21  Probe  
  50  5:24  Robotics Bay  
  50  5:25  Assimilator  
  51  5:30  Probe  
  51  5:32  Probe  
  53  5:42  Probe  
  53  5:43  Probe  
  55  5:53  Probe  
  55  5:55  Probe  
  55  6:01  Stalker  
  55  6:02  Stalker x2  
  55  6:03  Probe  
  61  6:07  Warp Prism (Chrono Boost)  
  61  6:08  Probe  
  65  6:16  Stalker  
  67  6:20  Probe  
  67  6:23  Twilight Council  
  68  6:27  Pylon  
  68  6:32  Stalker x2  
  70  6:33  Stalker, Probe  
  75  6:42  Immortal (Chrono Boost)  
  75  6:44  Pylon  
  79  6:50  Zealot  
  81  6:58  Zealot x2  
  81  6:59  Zealot  
  90  7:15  Disruptor (Chrono Boost)  
  86  7:31  Assimilator  
  86  7:35  Stalker x2  
  86  7:36  Stalker  
  92  7:48  Zealot  
Tags
 
Add a new tag
Caveats
  • Supply blocks, unpowered buildings, or Contaminate may cause inaccurate times.
  • Supply counts are checked every 10 seconds.